 Seeded DCSS version 0.27-a0-1177-g245c70e1c0 (webtiles) character file.

Game seed: 20210514 (custom seed)

1380008 chaostorm the Slayer (level 27, 243/243 HPs)
             Began as a Barachi Ice Elementalist on May 14, 2021.
             Was an Elder of Sif Muna.
             Escaped with the Orb
             ... and 3 runes on May 16, 2021!
             The game lasted 18:48:53 (140392 turns).

chaostorm the Slayer (Barachi Ice Elementalist)   Turns: 140392, Time: 18:48:53

Health: 243/243    AC: 26    Str: 12    XL:     27
Magic:  47/47      EV: 19    Int: 33    God:    Sif Muna [****..]
Gold:   2431       SH: 22    Dex: 12    Spells: 37/67 levels left

rFire    + + .     SeeInvis +   b - staff of conjuration
rCold    + + .     Faith    .   K - +0 tower shield {reflect}
rNeg     + . .     Spirit   .   r - +3 faerie dragon scales {rC++ rN+ rCorr}
rPois    +         Reflect  +   c - +2 hat {SInv}
rElec    +         Harm     .   A - +2 cloak {rCorr}
rCorr    +         Rampage  .   T - +3 pair of gloves "Navammif" {Fly Int+2}
Will     ++++.                  O - +0 pair of boots of Ennui {rElec Int+3 Slay+2 SInv}
Stlth    ++........             x - amulet of regeneration
HPRegen  1.50/turn              G - ring of Kozxabal {rElec rPois rF++ Dex-2}
MPRegen  0.30/turn              S - ring of the Mage {Wiz Will++ Int+3}

@: flying, studying Earth Magic, slow
A: amphibious, slowness 1, strong legs 2, +LOS, mutation resistance 1, shaggy
fur 1
0: Orb of Zot
}: 3/15 runes: barnacled, silver, gossamer
a: Hop, Renounce Religion, Channel Magic, Forget Spell, Divine Exegesis


You escaped.
You worshipped Sif Muna.
Sif Muna was greatly pleased with you.
You visited 11 branches of the dungeon, and saw 57 of its levels.

You collected 9970 gold pieces.
You spent 7539 gold pieces at shops.

Inventory:

Hand Weapons
 a - a +9 demon blade of electrocution
 g - the +6 rapier "Nutzonk" {venom, rElec rF+ rC+}
   (You took it off a merfolk on level 3 of the Shoals)

   It poisons the flesh of those it strikes.
   It protects you from fire.
   It protects you from cold.
   It insulates you from electricity.
Missiles
 h - 97 poisoned darts
 n - 18 curare-tipped darts
Armour
 c - a +2 hat of see invisible (worn)
 p - a +5 kite shield of reflection
 r - the +3 faerie dragon scales (worn) {rC++ rN+ rCorr}
   (You took it off the Enchantress on level 15 of the Dungeon)

   It greatly protects you from cold.
   It protects you from negative energy.
   It protects you from acid and corrosion.
 w - the +4 pair of boots of Vuakun {Dex+6}
   (You found it on level 5 of the Vaults)

   It affects your dexterity (+6).
 A - a +2 cloak of preservation (worn)
 K - a +0 tower shield of reflection (worn)
 O - the +0 pair of boots of Ennui (worn) {rElec Int+3 Slay+2 SInv}
   (You bought it in a shop on level 3 of the Vaults)

   It affects your intelligence (+3).
   It affects your accuracy and damage with ranged weapons and melee attacks
   (+2).
   It insulates you from electricity.
   It lets you see invisible.
 T - the +3 pair of gloves "Navammif" (worn) {Fly Int+2}
   (You found it on level 6 of the Lair of Beasts)

   It affects your intelligence (+2).
   It grants you flight.
Magical Staves
 b - a staff of conjuration (weapon)
 N - a staff of cold
Jewellery
 k - a ring of willpower
 v - a ring of ice
 x - an amulet of regeneration (around neck)
 D - an amulet of Kiajoe {Reflect Int+5 SH+5}
   (You found it on level 2 of the Realm of Zot)

   [amulet of reflection]

   It reflects blocked missile attacks.
   It affects your intelligence (+5).
   It affects your SH (+5).
 G - the ring of Kozxabal (left hand) {rElec rPois rF++ Dex-2}
   (You found it on level 2 of the Vaults)

   [ring of poison resistance]

   It affects your dexterity (-2).
   It greatly protects you from fire.
   It insulates you from electricity.
   It protects you from poison.
 P - a +6 ring of dexterity
 Q - an amulet of magic regeneration
 S - the ring of the Mage (right hand) {Wiz Will++ Int+3}
   (You bought it in a shop on level 1 of the Elven Halls)

   [ring of wizardry]

   It improves your spell success rate.
   It affects your intelligence (+3).
   It greatly increases your willpower.
 W - the amulet "Diapt" {Acrobat rF+}
   (You took it off a merfolk impaler on level 4 of the Shoals)

   [amulet of the acrobat]

   It increases your evasion while moving and waiting.
   It protects you from fire.
 X - the ring of Joy {rElec rF++ Str+6 Dex+4 Stlth+}
   (You found it on level 2 of the Crypt)

   [ring of strength]

   It affects your strength (+6).
   It affects your dexterity (+4).
   It greatly protects you from fire.
   It insulates you from electricity.
   It makes you more stealthy.
Wands
 y - a wand of iceblast (89)
 C - a wand of acid (11)
 J - a wand of digging (7)
 R - a wand of flame (52)
Scrolls
 d - 4 scrolls of fear
 e - 25 scrolls of teleportation
 f - 3 scrolls of immolation
 i - a scroll of torment
 l - 9 scrolls of magic mapping
 m - 8 scrolls of holy word
 I - a scroll of summoning
 L - 8 scrolls of fog
 U - 3 scrolls of silence
 V - 36 scrolls of identify
Potions
 j - a potion of heal wounds
 o - 4 potions of mutation
 q - 4 potions of might
 t - 4 potions of lignification
 u - 6 potions of brilliance
 z - 5 potions of invisibility
 B - a potion of cancellation
 E - 13 potions of curing
 F - 5 potions of magic
 H - a potion of resistance
 M - 12 potions of ambrosia


   Skills:
 + Level 25.6 Fighting
 - Level 10.0(13.0) Short Blades
 - Level 14.8(16.0) Long Blades
 - Level 16.2 Armour
 * Level 19.3 Dodging
 - Level 10.0 Stealth
 + Level 23.6 Shields
 + Level 20.7 Spellcasting
 + Level 20.3 Conjurations
 - Level 10.0 Summonings
 - Level 10.0 Translocations
 - Level 5.0 Transmutations
 - Level 15.0 Ice Magic
 - Level 5.0 Earth Magic
 - Level 10.0 Invocations
 - Level 10.0 Evocations


You had 37 spell levels left.
You knew the following spells:

 Your Spells              Type           Power      Damage    Failure   Level
a - Freeze                Ice            100%       1d11      0%          1
b - Frozen Ramparts       Ice            100%       1d12      0%          3
c - Ozocubu's Armour      Ice            93%        N/A       0%          3
d - Hailstorm             Conj/Ice       100%       3d20      0%          4
e - Summon Ice Beast      Ice/Summ       86%        N/A       1%          4
f - Orb of Destruction    Conj           64%        9d18      1%          7
g - Iskenderun's Mystic   Conj/Tloc      100%       2d19      1%          4
x - Blink                 Tloc           N/A        N/A       1%          2
z - Passwall              Tmut/Erth      50%        N/A       1%          2

Your spell library contained the following spells:

 Spells                   Type           Power      Damage    Failure   Level
 Foxfire                  Conj/Fire      100%       2x1d9     0%          1
 Magic Dart               Conj           100%       1d8       0%          1
 Shock                    Conj/Air       100%       1d9       0%          1
 Searing Ray              Conj           100%       3d7       0%          2
 Iskenderun's Battlesphe  Conj           100%       2d15      0%          5
 Animate Skeleton         Necr           68%        N/A       1%          1
 Apportation              Tloc           100%       N/A       1%          1
 Beastly Appendage        Tmut           100%       N/A       1%          1
 Corona                   Hex            37%        N/A       1%          1
 Pain                     Necr           100%       1d9       1%          1
 Sandblast                Erth           100%       2d20      1%          1
 Sting                    Tmut/Pois      100%       1d8       1%          1
 Summon Small Mammal      Summ           100%       N/A       1%          1
 Call Imp                 Summ           79%        N/A       1%          2
 Corpse Rot               Necr/Air       N/A        N/A       1%          2
 Ensorcelled Hibernation  Hex/Ice        100%       N/A       1%          2
 Poisonous Vapours        Pois/Air       68%        N/A       1%          2
 Slow                     Hex            34%        N/A       1%          2
 Static Discharge         Conj/Air       100%       N/A       1%          2
 Sublimation of Blood     Necr           17%        N/A       1%          2
 Wereblood                Tmut           61%        N/A       1%          2
 Call Canine Familiar     Summ           79%        N/A       1%          3
 Confusing Touch          Hex            34%        N/A       1%          3
 Conjure Flame            Conj/Fire      100%       6-21      1%          3
 Dazzling Flash           Conj/Hex       100%       N/A       1%          3
 Gell's Gravitas          Tloc           39%        N/A       1%          3
 Ignite Poison            Fire/Tmut/Pois 45%        N/A       1%          3
 Inner Flame              Hex/Fire       34%        N/A       1%          3
 Lesser Beckoning         Tloc           39%        N/A       1%          3
 Mephitic Cloud           Conj/Pois/Air  87%        N/A       1%          3
 Portal Projectile        Hex/Tloc       100%       N/A       1%          3
 Spider Form              Tmut/Pois      25%        N/A       1%          3
 Stone Arrow              Conj/Erth      100%       3d13      1%          3
 Summon Guardian Golem    Hex/Summ       61%        N/A       1%          3
 Swiftness                Air            34%        N/A       1%          3
 Teleport Other           Tloc           79%        N/A       1%          3
 Tukima's Dance           Hex            34%        N/A       1%          3
 Vampiric Draining        Necr           17%        2d8       1%          3
 Animate Armour           Summ/Erth      100%       N/A       1%          4
 Fulminant Prism          Conj/Hex       50%        3d23      1%          4
 Ice Form                 Ice/Tmut       79%        N/A       1%          4
 Passage of Golubria      Tloc           N/A        N/A       1%          4
 Petrify                  Tmut/Erth      61%        N/A       1%          4
 Sticky Flame             Conj/Fire      100%       2d11      1%          4
 Summon Lightning Spire   Summ/Air       61%        N/A       1%          4
 Bolt of Magma            Conj/Fire/Erth 47%        4d19      1%          5
 Fireball                 Conj/Fire      50%        3d20      1%          5
 Irradiate                Conj/Tmut      54%        3d31      1%          5
 Lightning Bolt           Conj/Air       50%        1d71      1%          5
 Manifold Assault         Tloc           79%        N/A       1%          5
 Metabolic Englaciation   Hex/Ice        35%        N/A       1%          5
 Summon Forest            Summ/Tloc      39%        N/A       1%          5
 Conjure Ball Lightning   Conj/Air       50%        3x3d17    1%          6
 Dispersal                Tloc           39%        N/A       1%          6
 Freezing Cloud           Conj/Ice/Air   53%        6-21      1%          6
 Iron Shot                Conj/Erth      54%        9d10      1%          6
 Shadow Creatures         Summ           N/A        N/A       1%          6
 Starburst                Conj/Fire      50%        8x6d14    1%          6
 Ozocubu's Refrigeration  Ice            46%        4d14      1%          7
 Spellforged Servitor     Conj/Summ      58%        N/A       1%          7
 Leda's Liquefaction      Hex/Erth       25%        N/A       2%          4
 Hydra Form               Tmut           30%        N/A       2%          5
 Lee's Rapid Deconstruct  Erth           30%        3d17*     2%          5
 Summon Mana Viper        Hex/Summ       61%        N/A       2%          5
 Simulacrum               Ice/Necr       35%        N/A       4%          6
 Airstrike                Air            17%        N/A       6%          4
 Animate Dead             Necr           17%        N/A       6%          4
 Cause Fear               Hex            17%        N/A       6%          4
 Dispel Undead            Necr           34%        3d15      6%          4
 Olgreb's Toxic Radiance  Pois           34%        N/A       6%          4
 Alistair's Intoxication  Tmut/Pois      33%        N/A       6%          5
 Borgnjor's Vile Clutch   Necr/Erth      25%        N/A       6%          5
 Yara's Violent Unravell  Hex/Tmut       25%        3d11      6%          5
 Malign Gateway           Summ/Tloc      39%        N/A       9%          7
 Monstrous Menagerie      Summ           39%        N/A       9%          7
 Summon Hydra             Summ           39%        N/A       9%          7
 Blade Hands              Tmut           30%        N/A       12%         6
 Statue Form              Tmut/Erth      40%        N/A       12%         6
 Agony                    Necr           34%        N/A       16%         5
 Excruciating Wounds      Necr           17%        N/A       16%         5
 Silence                  Hex/Air        17%        N/A       16%         5
 Lehudib's Crystal Spear  Conj/Erth      54%        10d13     21%         8
 Eringya's Noxious Bog    Tmut/Pois      25%        N/A       32%         6
 Chain Lightning          Conj/Air       50%        N/A       50%         8
 Dragon Form              Tmut           30%        N/A       52%         7
 Haunt                    Necr/Summ      30%        N/A       52%         7
 Disjunction              Tloc           39%        N/A       52%         8
 Summon Horrible Things   Summ           39%        N/A       52%         8
 Death Channel            Necr           17%        N/A       63%         6
 Invisibility             Hex            34%        N/A       63%         6
 Absolute Zero            Ice            46%        ∞         75%         9
 Borgnjor's Revivificati  Necr           17%        N/A       100%        8
 Discord                  Hex            17%        N/A       100%        8
 Ignition                 Fire           17%        3d7       100%        8
 Infestation              Necr           17%        N/A       100%        8
 Necromutation            Tmut/Necr      25%        N/A       100%        8
 Death's Door             Necr           17%        N/A       100%        9
 Dragon's Call            Summ           39%        N/A       100%        9
 Fire Storm               Conj/Fire      50%        8d13      100%        9
 Shatter                  Erth           30%        3d25*     100%        9
 Tornado                  Air            17%        N/A       100%        9


Dungeon Overview and Level Annotations

Branches:
Dungeon (15/15)            Temple (0/1) D:7            Lair (6/6) D:9
 Shoals (4/4) Lair:4       Spider (4/4) Lair:2        Slime (5/5) Lair:6
    Orc (2/2) D:10            Elf (3/3) Orc:2        Vaults (5/5) D:14
  Crypt (3/3) Vaults:3       Tomb (0/3) Crypt:3      Depths (5/5) D:15
    Zot (5/5) Depths:5

Altars:
Cheibriados
Dithmenos
Fedhas
Kikubaaqudgha
Makhleb
Sif Muna
Uskayaw
Xom
Yredelemnul
The Shining One
Jiyva

Shops:
D:5 *   D:15 ?   Orc:2 *(:*!   Elf:1 =   Elf:3 *   Vaults:2 !   Vaults:3 [
Depths:3 ?   Depths:5 *[(:

Portals:
Hell: Depths:1 Depths:2 Depths:3 Depths:4 Depths:5
Abyss: Depths:2 Depths:4 Depths:5
Pandemonium: Depths:3
Ziggurat: Depths:4

Annotations:
D:1 Dance!
Lair:4 1 runed translucent door, Goemiynn's ghost, journeyman OgTm
Lair:6 1 runed translucent door
Slime:5 Royal Jelly
Crypt:1 3 runed translucent doors


Innate Abilities, Weirdness & Mutations

You are amphibious.
You cover ground slowly.
You can hop long distances.
You have an extended range of vision and can be seen from far away.
You are somewhat resistant to further mutation.
You are covered in fur. (AC +1)


Message History

Confirm with . or Enter, or press ? or * to list all spells.
Aiming: Passwall (safe; 1% risk of failure)
Press: ? - help, Dir - move target A rock wall.
This square is covered in magical glow.
You begin to meditate on the wall.
You continue meditating on the rock. x5
You finish merging with the rock.
An efreet comes into view.
It is wielding a +4 scimitar of flaming.
There is an open door here.
There is a stone staircase leading up here.
You fly upwards.
There is a stone staircase leading down here.
There is a stone staircase leading up here.
You can't go down here!
You fly upwards.
There is a stone staircase leading down here.
There is a stone staircase leading up here.
You fly upwards.
There is a stone staircase leading down here.
Casting: Passwall (safe; 1% risk of failure)
Confirm with . or Enter, or press ? or * to list all spells.
Aiming: Passwall (safe; 1% risk of failure)
Press: ? - help, Dir - move target A rock wall.
This square is covered in magical glow.
You begin to meditate on the wall.
You continue meditating on the rock. x2
You finish merging with the rock.
There is a stone staircase leading up here.
You fly upwards.
There is a stone staircase leading down here.
There is a large open door here.
There is a staircase leading out of the dungeon here.
Annotate which branch? (. - D:1, ? - help, ! - show branch list)
Okay, then.
Annotate which branch? (. - D:1, ? - help, ! - show branch list)
What level of the Dungeon?
D:1 That's not a valid depth.
Annotate which branch? (. - D:1, ? - help, ! - show branch list) New annotation for D:1 (include '!' for warning): Dance!
You have escaped!

#.#######.#....................#.
......................#####....#.
########.......................#.
#####≈≈≈≈§§≈≈≈≈##.........
#≈8≈§§§≈≈8≈##.........
#≈≈8≈≈≈≈8≈≈...........
#≈≈≈####≈≈≈...........
#≈≈≈#..'≈≈≈..###......
#§≈≈#@.'≈≈≈..# ######.
#≈≈≈####≈≈≈..# #. #≈≈8≈≈≈§8≈≈..#
#. #≈8≈≈≈§§§8≈### ## #≈≈≈≈≈§§≈≈≈#
############


There were no monsters in sight!

Vanquished Creatures
  6 dread liches
  4 orbs of fire
  6 ancient liches
  A juggernaut (Depths:4)
  3 Killer Klowns (Zot:5)
  Margery (Vaults:2)
  Saint Roka (Vaults:2)
  Bai Suzhen (Spider:3)
  4 curse toes
  3 caustic shrikes (Depths:5)
  18 golden dragons
  A golden dragon (shapeshifter) (Vaults:5)
  Nikola (Vaults:3)
  the Enchantress (D:15)
  Arachne (Spider:3)
  24 tentacled monstrosities
  2 electric golems (Zot:5)
  3 deep elf blademasters
  24 Orb Guardians
  2 liches
  18 acid blobs
  2 deep elf master archers (Elf:3)
  4 quicksilver dragons
  9 titans
  A kraken (Shoals:1)
  8 death cobs
  7 ancient champions
  4 sphinxes
  Frances (D:13)
  12 storm dragons
  Donald (Shoals:2)
  14 shadow dragons
  5 tengu reavers
  6 draconian monks
  16 azure jellies
  2 revenants
  6 frost giants
  4 fire giants
  4 draconian knights
  23 vault wardens
  22 rockslimes
  4 deep elf sorcerers
  2 orc warlords (Orc:1)
  A balrug (Depths:1)
  2 draconian scorchers
  An angel (Zot:5)
  4 draconian shifters
  6 ghost moths
  8 emperor scorpions
  4 deep elf elementalists
  5 ghouls
  4 draconian annihilators (Zot:1)
  3 spriggan defenders (D:15)
  The ghost of McSplat the Cruncher, a journeyman HuWn of Hepliaklqana (Orc:1)
  16 quicksilver oozes
  21 ironbound preservers
  4 draconian stormcallers
  4 war gargoyles
  5 caustic shrike skeletons (Crypt:3)
  42 very ugly things
  10 green draconians
  14 stone giants
  7 deep elf demonologists
  8 vampire knights
  4 black draconians
  Azrael (Orc:2)
  An entropy weaver (Vaults:5)
  13 yellow draconians
  A bunyip (shapeshifter) (Vaults:5)
  10 deep elf annihilators
  12 white draconians
  6 red draconians
  10 spark wasps
  2 dire elephants
  The ghost of Weelen the Severer, a journeyman MiBe of Trog (D:12)
  9 purple draconians
  6 merfolk javelineers
  13 ettins
  15 deep elf death magi
  5 jiangshi
  16 merfolk impalers
  Josephine (Lair:4)
  2 crystal guardians (Vaults:4)
  7 fire dragons
  12 yaktaur captains
  6 deep elf high priests
  14 great orbs of eyes
  8 eidola
  3 rakshasas
  The ghost of leviel the Cleaver, a journeyman MiFi (D:10)
  7 ice dragons
  42 vault guards
  11 boulder beetles
  5 merfolk avatars
  2 peacekeepers (Vaults:4)
  8 hydras
  9 ironbound frosthearts
  5 ironbound thunderhulks
  2 ogre magi
  6 spriggan air magi
  A catoblepas (shapeshifter) (Vaults:5)
  2 catoblepae
  5 merfolk aquamancers
  5 death knights
  4 alligator snapping turtles
  13 centaur warriors
  10 deep troll shamans
  5 satyrs
  24 dancing weapons
  2 deep troll earth magi
  10 two-headed ogres
  4 tengu warriors
  10 death yaks
  7 vampire magi
  5 ironbound beastmasters
  4 orc high priests
  2 spriggan berserkers
  2 titan skeletons (Crypt:3)
  A storm dragon zombie (Crypt:3)
  A sun demon (Depths:1)
  16 hell knights
  6 iron trolls
  16 deep elf knights
  A soul eater (Crypt:1)
  4 shadow wraiths
  A sixfirhy (Zot:5)
  A salamander mystic (Depths:3)
  A storm dragon skeleton (Depths:3)
  A golden dragon zombie (Crypt:3)
  34 skeletal warriors
  13 sea snakes
  A deep troll (shapeshifter) (Elf:1)
  4 flayed ghosts
  51 deep trolls
  A death drake (Zot:2)
  9 wizards
  An anaconda zombie (Crypt:2)
  7 glowing orange brains
  16 orc knights
  9 deep elf archers
  3 bog bodies
  13 phantasmal warriors
  A swamp dragon (shapeshifter) (Depths:5)
  9 lindwurms
  2 obsidian statues
  16 ironbound convokers
  19 orb spiders
  3 anaconda skeletons
  A swamp dragon (Lair:6)
  Pikel (D:5)
  13 harpies
  An orange crystal statue (Shoals:4)
  An iron giant skeleton (Crypt:2)
  3 frost giant zombies
  21 deep elf zephyrmancers
  10 necromancers
  A shadow dragon skeleton (Crypt:3)
  39 wolf spiders
  7 orc sorcerers
  14 manticores
  A manticore (shapeshifter) (Vaults:5)
  37 deep elf pyromancers
  12 fauns
  2 salamanders (Depths:3)
  An eleionoma zombie (Crypt:1)
  58 ugly things
  26 moths of wrath
  10 cyclopes
  6 shining eyes
  4 black mambas
  4 fire giant skeletons
  7 merfolk sirens
  2 stone giant skeletons (Crypt:3)
  8 elephants
  A frost giant skeleton (Crypt:3)
  A rust devil (D:13)
  A naga mage (D:15)
  Maurice (D:12)
  28 vault sentinels
  4 eyes of devastation
  A smoke demon (Depths:1)
  4 water nymphs
  A gargoyle (D:13)
  2 unseen horrors (D:10)
  8 torpor snails
  8 cane toads
  3 dire elephant skeletons
  7 freezing wraiths
  11 komodo dragons
  An alligator snapping turtle zombie (Crypt:2)
  23 demonic crawlers
  5 rime drakes
  2 kobold demonologists
  A yellow draconian zombie (Crypt:3)
  42 yaktaurs
  3 efreet
  3 tengu conjurers
  13 trolls
  37 merfolk
  8 polar bears
  A jumping spider (shapeshifter) (D:15)
  49 jumping spiders
  Grinder (D:5)
  3 tyrant leeches (Lair:6)
  4 wind drakes
  2 harpy skeletons
  2 snapping turtles
  15 hornets
  A jumping spider zombie (Crypt:2)
  11 blink frogs
  140 slime creatures
  9 dream sheep
  A hydra skeleton (Crypt:2)
  2 spriggan zombies (Depths:1)
  6 flying skulls (Crypt:3)
  A centaur simulacrum (D:14)
  82 redbacks
  4 shadows
  19 water elementals
  4 air elementals
  4 spriggans
  2 ettin skeletons (Crypt:3)
  22 tarantellas
  2 vampires
  69 yaks
  A tarantella (shapeshifter) (Vaults:5)
  18 wraiths
  An ice dragon skeleton (Crypt:3)
  A wyvern (D:9)
  A basilisk (shapeshifter) (Vaults:5)
  3 fire elementals (Orc:2)
  5 golden eyes (Slime:2)
  A hog (shapeshifter) (Elf:1)
  2 black mamba skeletons
  3 basilisks
  Grum (D:8)
  10 vampire mosquitoes
  Menkaure (D:5)
  A swamp worm (shapeshifter) (D:15)
  2 chaos spawn
  An elf skeleton (Depths:3)
  7 wargs
  2 acid dragons (D:12)
  3 hell hounds (Orc:2)
  A monstrous demonspawn skeleton (Crypt:1)
  A floating eye (Depths:3)
  18 water moccasins
  8 black bears
  An infernal demonspawn skeleton (Crypt:1)
  Duvessa (D:5)
  2 two-headed ogre skeletons
  A swamp drake (Lair:6)
  39 orc warriors
  A hornet zombie (D:15)
  2 swamp dragon zombies (Crypt:3)
  A cane toad skeleton (Crypt:3)
  22 wolves
  2 necrophages (Crypt:1)
  4 boggarts (D:14)
  12 ogres
  A snapping turtle skeleton (Crypt:1)
  A phantom (D:7)
  7 centaurs
  A lemure (D:5)
  11 kobold brigands
  15 bullfrogs
  Blork the orc (D:4)
  An octopode zombie (Crypt:3)
  A wyvern zombie (Crypt:2)
  3 gnoll sergeants
  Dowan (D:5)
  2 scorpions
  A water moccasin zombie (D:6)
  A wyvern skeleton (Crypt:3)
  A spriggan skeleton (Crypt:3)
  4 electric eels
  21 wights (Crypt:3)
  A yak skeleton (Crypt:2)
  6 howler monkeys
  9 centaur zombies
  13 hounds
  A bullfrog zombie (D:7)
  A jelly (D:6)
  21 orc priests
  A gnoll shaman (D:5)
  A bullfrog skeleton (D:6)
  A centaur skeleton (D:5)
  4 iguanas
  A human skeleton (D:5)
  25 orc wizards
  An acid dragon zombie (Crypt:1)
  A naga skeleton (Crypt:3)
  An ogre skeleton (Crypt:2)
  2 hound skeletons (D:4)
  25 gnolls
  A howler monkey skeleton (D:7)
  5 adders
  2 shadow imps
  3 worms
  3 dart slugs
  94 orcs
  5 ball pythons
  13 endoplasms
  5 giant cockroaches
  8 hobgoblins
  7 jackals
  5 bats
  A dart slug zombie (Crypt:3)
  A frilled lizard (D:2)
  7 goblins
  20 kobolds
  4 rats
  A rat zombie (Crypt:1)
  A tentacle (Shoals:1)
2623 creatures vanquished.

Vanquished Creatures (collateral kills)
  A death yak (Lair:6)
  An orc high priest (Orc:2)
  Urug (D:11)
  2 wizards (D:15)
  A deep elf zephyrmancer (D:15)
  A deep elf pyromancer (Orc:1)
  An orc knight (D:15)
  3 centaur skeletons (D:15)
  A cane toad (Lair:6)
  A nameless horror (Orc:2)
  A rime drake (Lair:6)
  A slime creature (D:12)
  A steam dragon (Lair:6)
  An acid dragon (Lair:6)
  A water moccasin (Lair:6)
  2 swamp drakes (Lair:6)
  An orc warrior (Orc:2)
  An orc priest (Orc:2)
22 creatures vanquished.

Vanquished Creatures (others)
  Nessos (Lair:5)
  A yellow draconian (Zot:1)
  A merfolk javelineer (Shoals:4)
  A vault guard (Vaults:5)
  3 deep elf knights
  A deep elf pyromancer (Elf:1)
  A manticore (Shoals:4)
  A jumping spider (Spider:1)
  A deep troll zombie (Depths:1)
  A tarantella (Spider:1)
  An orc priest (Orc:1)
  2 orc wizards (Orc:2)
  An orc (Orc:2)
  2 bushes (Lair:6)
  29 fungi
  218 plants
  14 tentacles (Shoals:1)
  2 withered plants (D:10)
281 creatures vanquished.

Grand Total: 2926 creatures vanquished

Notes
Turn   | Place    | Note
-------+----------+-------------------------------------------
     0 | D:1      | chaostorm the Barachi Ice Elementalist began the quest for
                  | the Orb.
     0 | D:1      | Reached XP level 1. HP: 13/13 MP: 3/3
    80 | D:1      | Found a faded altar of an unknown god.
   338 | D:1      | Reached XP level 2. HP: 19/19 MP: 1/5
   497 | D:1      | Reached skill level 5 in Ice Magic
  1308 | D:2      | Reached XP level 3. HP: 21/24 MP: 4/6
  2526 | D:2      | Reached XP level 4. HP: 30/30 MP: 5/8
  2602 | D:2      | Learned a level 3 spell: Frozen Ramparts
  2606 | D:2      | Learned a level 3 spell: Ozocubu's Armour
  2702 | D:2      | Noticed a scorpion
  2720 | D:2      | Killed a scorpion
  2721 | D:2      | Reached XP level 5. HP: 27/35 MP: 1/9
  2849 | D:2      | Found a shimmering altar of Xom.
  3844 | D:3      | Reached XP level 6. HP: 41/41 MP: 4/11
  3849 | D:3      | Learned a level 4 spell: Hailstorm
  4709 | D:4      | Identified a scroll of acquirement
  4709 | D:4      | Acquired a +0 hat of see invisible
  5172 | D:4      | Noticed a black bear
  5183 | D:4      | Killed a black bear
  5445 | D:4      | Reached XP level 7. HP: 44/46 MP: 5/12
  6048 | D:4      | Noticed Blork the orc
  6055 | D:4      | Killed Blork the orc
  6386 | D:5      | Entered Level 5 of the Dungeon
  6539 | D:5      | Found an ancient bone altar of Kikubaaqudgha.
  6556 | D:5      | Found Ruicuixi's Assorted Antiques.
  6756 | D:5      | Identified the Compendium of Displaced Confrontation
  6765 | D:5      | Learned a level 2 spell: Blink
  6836 | D:5      | Noticed Duvessa
  6849 | D:5      | Killed Duvessa
  6849 | D:5      | Noticed Dowan
  6850 | D:5      | Reached skill level 1 in Conjurations
  6850 | D:5      | Reached skill level 1 in Translocations
  6934 | D:5      | Killed Dowan
  6935 | D:5      | Reached XP level 8. HP: 33/52 MP: 8/14
  7122 | D:5      | Found a runed translucent door.
  7125 | D:5      | Found a basalt altar of Yredelemnul.
  7128 | D:5      | Noticed Menkaure
  7468 | D:5      | Noticed Pikel
  7477 | D:5      | Killed Pikel
  7478 | D:5      | Reached skill level 5 in Dodging
  7478 | D:5      | Reached skill level 5 in Spellcasting
  7561 | D:5      | Noticed Grinder
  7565 | D:5      | Paralysed by Grinder for 3 turns
  7599 | D:5      | Killed Grinder
  7600 | D:5      | Reached skill level 5 in Stealth
  7899 | D:5      | Reached XP level 9. HP: 57/57 MP: 9/16
  8238 | D:5      | Killed Menkaure
  9279 | D:6      | Found a shimmering blue altar of Sif Muna.
  9428 | D:6      | Learned a level 4 spell: Iskenderun's Mystic Blast
  9538 | D:6      | Became a worshipper of Sif Muna the Loreminder
 10301 | D:7      | Identified the +1 plate armour of Purpose {Regen+ Int+4
                  | SInv Stlth-}
 10506 | D:7      | Found a staircase to the Ecumenical Temple.
 11347 | D:7      | Found a snail-covered altar of Cheibriados.
 11513 | D:7      | Noticed a purple ugly thing
 11527 | D:7      | Killed a purple ugly thing
 12167 | D:8      | Reached skill level 5 in Translocations
 12167 | D:8      | Reached XP level 10. HP: 63/63 MP: 11/18
 12301 | D:8      | Reached skill level 5 in Conjurations
 12364 | D:8      | Reached skill level 10 in Ice Magic
 12365 | D:8      | Reached * piety under Sif Muna
 13987 | D:8      | Noticed Grum
 14006 | D:8      | Killed Grum
 14006 | D:8      | Reached ** piety under Sif Muna
 14718 | D:9      | Found a staircase to the Lair.
 15581 | D:9      | Noticed a kobold demonologist
 15581 | D:9      | Noticed a two-headed ogre
 15586 | D:9      | Killed a kobold demonologist
 15587 | D:9      | Reached XP level 11. HP: 64/68 MP: 15/21
 15600 | D:9      | Killed a two-headed ogre
 15601 | D:9      | Reached skill level 5 in Shields
 16295 | D:9      | Identified the ring of Remuir Uggy {rC+ Int+5 Slay-5}
 16477 | D:10     | Entered Level 10 of the Dungeon
 16486 | D:10     | Reached skill level 1 in Fighting
 16493 | D:10     | Reached skill level 2 in Fighting
 16683 | D:10     | Reached skill level 3 in Fighting
 16713 | D:10     | Found a staircase to the Orcish Mines.
 16959 | D:5      | Bought a bloodstained ring mail for 306 gold pieces
 16959 | D:5      | Identified the +3 ring mail "Itarolaff" {Regen+ Int+4} (You
                  | bought it in a shop on level 5 of the Dungeon)
 17203 | D:10     | Noticed a two-headed ogre
 17208 | D:10     | Reached *** piety under Sif Muna
 17209 | D:10     | Reached skill level 1 in Armour
 17223 | D:10     | Killed a two-headed ogre
 17224 | D:10     | Reached skill level 4 in Fighting
 17625 | D:10     | Reached skill level 5 in Fighting
 17826 | D:10     | Found a runed translucent door.
 17829 | D:10     | Noticed leviel's ghost (journeyman MiFi)
 17844 | D:10     | Found a glowing golden altar of the Shining One.
 17845 | D:10     | Noticed a two-headed ogre
 18167 | D:10     | Noticed a +0 spear
 18168 | D:10     | Noticed a +0 falchion
 18168 | D:10     | Noticed a +0 falchion
 18169 | D:10     | Noticed a +0 short sword
 18169 | D:10     | Noticed a +0 dagger
 18169 | D:10     | Noticed a +0 dagger
 18170 | D:10     | Noticed a +0 spear
 18172 | D:10     | Noticed a +0 short sword
 18176 | D:10     | Found a hide-covered altar of Uskayaw.
 18271 | D:10     | You fall into a shaft and drop 3 floors!
 18302 | D:13     | Reached XP level 12. HP: 23/87 MP: 11/22
 18387 | D:13     | Noticed a six-headed hydra
 18411 | D:13     | Killed a six-headed hydra
 18412 | D:13     | Reached skill level 6 in Fighting
 18412 | D:13     | Reached skill level 5 in Armour
 18649 | D:11     | Noticed a boulder beetle
 18677 | D:11     | Killed a boulder beetle
 18756 | D:11     | Noticed Urug
 18803 | D:9      | Reached skill level 7 in Fighting
 19117 | D:10     | Reached **** piety under Sif Muna
 19274 | D:10     | Found a glowing golden altar of the Shining One.
 19364 | D:10     | Found a runed translucent door.
 19373 | D:10     | Killed a two-headed ogre
 19544 | D:5      | Bought a scroll labelled OMUJEO CASAFEI for 34 gold pieces
 20603 | Lair:1   | Entered Level 1 of the Lair of Beasts
 20899 | Lair:1   | Reached skill level 1 in Short Blades
 21420 | Lair:1   | Reached skill level 8 in Fighting
 21558 | Lair:1   | Gained mutation: You can hop long distances. [Barachi
                  | growth]
 21558 | Lair:1   | Reached XP level 13. HP: 96/98 MP: 17/23
 22209 | Lair:2   | Reached skill level 10 in Shields
 22488 | Lair:2   | Found a hole to the Spider Nest.
 23161 | Lair:2   | Reached ***** piety under Sif Muna
 23461 | Lair:2   | Reached skill level 5 in Short Blades
 24198 | Lair:3   | Identified Ankium's Guide on Companions and Snow (Sif Muna
                  | gifted it to you on level 3 of the Lair of Beasts)
 24198 | Lair:3   | Received a gift from Sif Muna
 25460 | Lair:4   | Found a staircase to the Shoals.
 25527 | Lair:4   | Found a runed translucent door.
 25925 | Lair:4   | Noticed Josephine
 25962 | Lair:4   | Killed Josephine
 26131 | Lair:4   | Reached XP level 14. HP: 105/105 MP: 17/24
 26151 | Lair:3   | Reached skill level 10 in Short Blades
 26895 | Lair:4   | Noticed Goemiynn's ghost (journeyman OgTm)
 27290 | Lair:4   | Reached skill level 1 in Invocations
 27923 | Lair:5   | Received a gift from Sif Muna
 27932 | Lair:5   | Learned a level 4 spell: Summon Ice Beast
 28216 | Lair:5   | Reached skill level 1 in Summonings
 28447 | Lair:5   | Noticed Nessos
 28461 | Lair:5   | Killed Nessos
 29215 | Lair:6   | Entered Level 6 of the Lair of Beasts
 29771 | Lair:6   | Identified the +3 pair of gloves "Navammif" {Fly Int+2}
 29822 | Lair:6   | Found a runed translucent door.
 29929 | Lair:6   | Reached skill level 9 in Fighting
 30809 | Lair:6   | Found a runed translucent door.
 30812 | Lair:6   | Found a viscous altar of Jiyva.
 30814 | Lair:6   | Found a staircase to the Slime Pits.
 30935 | Lair:6   | Reached XP level 15. HP: 95/113 MP: 20/27
 32789 | D:11     | Killed Urug
 33382 | D:12     | Noticed Maurice
 33396 | D:12     | Killed Maurice
 33886 | D:12     | Found a runed translucent gate.
 33887 | D:12     | Found a runed translucent gate.
 33887 | D:12     | Found a runed translucent gate.
 33887 | D:12     | Noticed Weelen's ghost (journeyman MiBe)
 34680 | D:13     | Found a burning altar of Makhleb.
 34696 | D:13     | Noticed Frances
 34697 | D:13     | Identified the +1 robe of Evolution {Harm rC+}
 34719 | D:13     | Killed Frances
 35673 | D:14     | Reached skill level 5 in Summonings
 35825 | D:14     | Reached skill level 10 in Fighting
 36246 | D:14     | Identified Tyhyschiy's Guide on Conjuration and Dark Magic
                  | (Sif Muna gifted it to you on level 14 of the Dungeon)
 36246 | D:14     | Received a gift from Sif Muna
 36409 | D:14     | Found a gate to the Vaults.
 36749 | D:15     | Entered Level 15 of the Dungeon
 36749 | D:15     | Found Suemm's Magic Scroll Boutique.
 36976 | D:15     | Reached XP level 16. HP: 91/123 MP: 10/29
 37697 | D:15     | Found a shadowy altar of Dithmenos.
 37954 | D:15     | Found a staircase to the Depths.
 37990 | D:15     | Reached skill level 5 in Invocations
 38238 | Orc:1    | Entered Level 1 of the Orcish Mines
 38238 | Orc:1    | Found a runed translucent door.
 38485 | Orc:1    | Noticed McSplat's ghost (journeyman HuWn)
 38512 | Orc:1    | You are sucked into a shaft and drop 1 floor!
 38512 | Orc:2    | Entered Level 2 of the Orcish Mines
 38632 | Orc:2    | Reached skill level 10 in Translocations
 38795 | Orc:1    | Identified the +1 ring mail "Suelimm" {-Tele Regen+ Int+7}
 38890 | Orc:1    | Reached skill level 10 in Conjurations
 38899 | Orc:1    | Paralysed by an ogre mage for 3 turns
 39435 | Orc:1    | Paralysed by an orc sorcerer for 6 turns
 40107 | Orc:1    | Identified Sif Muna's Collected Works on Icy Confrontation
                  | (Sif Muna gifted it to you on level 1 of the Orcish Mines)
 40107 | Orc:1    | Received a gift from Sif Muna
 40428 | D:10     | Reached skill level 11 in Fighting
 41458 | Orc:1    | You are sucked into a shaft and drop 1 floor!
 41458 | Orc:2    | Found Rareud's Distillery.
 41468 | Orc:2    | Bought a potion of heal wounds for 75 gold pieces
 41468 | Orc:2    | Bought 2 potions of heal wounds for 150 gold pieces
 41468 | Orc:2    | Bought a potion of heal wounds for 75 gold pieces
 42127 | Orc:2    | Noticed Azrael
 42213 | Orc:2    | Killed Azrael
 42444 | Orc:2    | Found a staircase to the Elven Halls.
 43424 | Orc:2    | Reached skill level 10 in Spellcasting
 43555 | Orc:2    | Paralysed by an orc sorcerer for 7 turns
 43557 | Orc:2    | Reached skill level 1 in Long Blades
 43896 | Orc:2    | Found Umaleffe's Assorted Antiques.
 43896 | Orc:2    | Found Onipi's General Store.
 43898 | Orc:2    | Found Koled's Antique Weapon Shop.
 43898 | Orc:2    | Found Jupluh's Book Shoppe.
 43977 | Orc:2    | Bought a potion of curing for 45 gold pieces
 43977 | Orc:2    | Bought a potion of curing for 45 gold pieces
 44892 | Orc:1    | Acquired 1311 gold pieces
 44917 | D:10     | Upgraded the game from 0.27-a0-1154-gfdeffcb720 to
                  | 0.27-a0-1158-gaa87e14f67
 45021 | Spider:1 | Entered Level 1 of the Spider Nest
 45818 | Spider:1 | Received a gift from Sif Muna
 46202 | Spider:1 | Reached XP level 17. HP: 111/131 MP: 19/31
 46963 | Spider:1 | Identified the +0 leather armour of Kleptomania {Int+10
                  | Dex+3}
 49561 | Spider:2 | Identified Sif Muna's Volume of Mutagenic Necromancy
 49624 | Spider:2 | Reached skill level 12 in Fighting
 50410 | Spider:3 | Noticed Arachne
 50499 | Spider:3 | Noticed Bai Suzhen
 50833 | Spider:3 | Identified Hydodiw's Almanac of Displaced Attacks (Sif Muna
                  | gifted it to you on level 3 of the Spider Nest)
 50833 | Spider:3 | Received a gift from Sif Muna
 50979 | Spider:3 | Reached skill level 5 in Long Blades
 51412 | Spider:3 | Identified the +0 robe of the True Pharaoh {rElec}
 51784 | Spider:3 | Killed Bai Suzhen
 51785 | Spider:3 | Reached skill level 10 in Armour
 51897 | Spider:3 | Killed Arachne
 52568 | Spider:4 | Entered Level 4 of the Spider Nest
 52828 | Spider:3 | Reached XP level 18. HP: 117/141 MP: 17/33
 55582 | Spider:4 | Reached skill level 10 in Summonings
 56877 | Spider:4 | Got a gossamer rune of Zot
 57269 | Orc:2    | Bought a thick papyrus book for 375 gold pieces
 57280 | Orc:2    | Bought a scroll of teleportation for 36 gold pieces
 57488 | Shoals:1 | Entered Level 1 of the Shoals
 57516 | Shoals:1 | Identified the +3 spear of Instant Death {vorpal, rF+
                  | Int+4}
 57629 | Lair:4   | Reached skill level 13 in Fighting
 58621 | Shoals:1 | Identified the quicksilver dragon scales of Bitterness
                  | {+Inv Will+}
 59084 | Shoals:1 | Identified the +6 morningstar of Tomorrow {vorpal, rElec
                  | Will- Str+8 Int-3}
 59820 | Shoals:1 | Reached skill level 1 in Evocations
 60862 | Shoals:1 | Noticed a titan
 60884 | Shoals:1 | Killed a titan
 62492 | Shoals:2 | Reached XP level 19. HP: 53/149 MP: 34/34
 63106 | Shoals:2 | Reached skill level 10 in Long Blades
 63635 | Shoals:3 | Noticed Donald
 63813 | Shoals:2 | Killed Donald
 66609 | Shoals:3 | Identified the +6 rapier "Nutzonk" {venom, rElec rF+ rC+}
 66814 | Shoals:3 | Reached skill level 15 in Ice Magic
 67350 | Shoals:4 | Entered Level 4 of the Shoals
 68208 | Shoals:4 | Found a snail-covered altar of Cheibriados.
 69181 | Shoals:4 | Identified the amulet "Diapt" {Acrobat rF+}
 69196 | Shoals:4 | Found the +3 pair of gauntlets of War {Slay+5}
 69506 | Shoals:4 | Identified Sif Muna's Catalogue of Bewitchment (Sif Muna
                  | gifted it to you on level 4 of the Shoals)
 69506 | Shoals:4 | Received a gift from Sif Muna
 69584 | Shoals:4 | Reached skill level 5 in Evocations
 69903 | Shoals:4 | Reached skill level 14 in Fighting
 70460 | Shoals:4 | Got a barnacled rune of Zot
 70521 | Shoals:4 | Reached skill level 15 in Shields
 70852 | Shoals:4 | Found a snail-covered altar of Cheibriados.
 71447 | Vaults:1 | Entered Level 1 of the Vaults
 72038 | Vaults:1 | Reached XP level 20. HP: 159/159 MP: 12/36
 74701 | Vaults:2 | Identified the ring of Kozxabal {rElec rPois rF++ Dex-2}
 75202 | Vaults:2 | Noticed Margery
 75221 | Vaults:2 | Killed Margery
 75468 | Vaults:2 | Reached skill level 15 in Fighting
 75494 | Vaults:2 | Found Kiagagh's Distillery.
 75503 | Vaults:2 | Bought a potion of heal wounds for 65 gold pieces
 75503 | Vaults:2 | Bought a potion of cancellation for 104 gold pieces
 75503 | Vaults:2 | Bought a potion of magic for 104 gold pieces
 75503 | Vaults:2 | Bought 2 potions of magic for 208 gold pieces
 75977 | Vaults:2 | Noticed Saint Roka
 76268 | Vaults:2 | Killed Saint Roka
 77028 | Vaults:2 | Identified the +0 chain mail of the Piercing Brambles
                  | {rElec Int-5 SInv Stlth-}
 77358 | Vaults:2 | Reached XP level 21. HP: 143/168 MP: 31/38
 78446 | Vaults:3 | Noticed Nikola
 79309 | Vaults:3 | Killed Nikola
 79559 | Vaults:3 | Found a staircase to the Crypt.
 79646 | Vaults:3 | Found Atowk's Antique Armour Shoppe.
 79747 | Vaults:3 | Bought a pair of smoking boots for 313 gold pieces
 79747 | Vaults:3 | Identified the +0 pair of boots of Ennui {rElec Int+3
                  | Slay+2 SInv} (You bought it in a shop on level 3 of the
                  | Vaults)
 79767 | Vaults:3 | Bought a glowing kite shield for 247 gold pieces
 80555 | Vaults:4 | Reached skill level 10 in Dodging
 81593 | Vaults:4 | Reached XP level 22. HP: 177/177 MP: 35/40
 81599 | Vaults:4 | Reached skill level 16 in Fighting
 81600 | Vaults:4 | Identified Sif Muna's Compendium of the Badger (Sif Muna
                  | gifted it to you on level 4 of the Vaults)
 81600 | Vaults:4 | Received a gift from Sif Muna
 82155 | Vaults:4 | Reached skill level 10 in Evocations
 83493 | Vaults:4 | Acquired the Reference Book on Summoning
 83497 | Vaults:4 | Acquired Sif Muna's Catalogue of Dislocation
 83509 | Vaults:4 | Learned a level 7 spell: Orb of Destruction
 83509 | Vaults:4 | Acquired a book of Spatial Translocations
 83829 | Elf:1    | Entered Level 1 of the Elven Halls
 84091 | Elf:1    | Found Fineng's Jewellery Boutique.
 84204 | Elf:1    | Bought the ring of the Mage {Wiz Will++ Int+3} for 620 gold
                  | pieces
 84204 | Elf:1    | Found the ring of the Mage {Wiz Will++ Int+3}
 84544 | Elf:1    | Identified the Incunabulum of Attacks
 86395 | Elf:2    | Found a runed translucent gate.
 86395 | Elf:2    | Found a runed translucent gate.
 86398 | Elf:2    | Found a runed translucent gate.
 87320 | Elf:2    | Received a gift from Sif Muna
 87851 | Elf:3    | Entered Level 3 of the Elven Halls
 88336 | Elf:3    | Found Puyfief's Assorted Antiques.
 88522 | Elf:3    | Bought a scroll of enchant armour for 322 gold pieces
 89349 | Elf:3    | Reached XP level 23. HP: 173/178 MP: 41/41
 89730 | Elf:3    | Identified the +7 short sword of Xah Myalase {vorpal, rN+
                  | Str+5 Dex+4 Stlth-}
 90148 | Elf:3    | Identified the +8 flail of the Jumping Dragonfly {flame,
                  | Int+2}
 90300 | Elf:3    | Identified the +11 battleaxe of Fatigue {vorpal, *Noise rF+
                  | Will++ Dex+4}
 90437 | Elf:3    | Identified the +11 war axe of Xom {vamp, rCorr Dex-5 SInv}
 90997 | Elf:3    | Identified the +2 robe "Puroiqovip" {rPois Str-3 Dex+4
                  | Stlth+}
 91150 | Elf:3    | Identified Zoffox's Papyrus of Icy Clay
 91396 | Elf:3    | Identified Sif Muna's Guide on Sinister Ignition
 91400 | Elf:3    | Identified the +8 fustibalus of Peril {freeze, rN+ Dex+2}
 91533 | Elf:3    | Bought a scroll of enchant weapon for 322 gold pieces
 91533 | Elf:3    | Bought a scroll of brand weapon for 860 gold pieces
 92520 | D:10     | Killed leviel's ghost
 92639 | D:12     | Killed Weelen's ghost
 92683 | D:12     | Identified the +9 short sword of Turmoil {antimagic, Contam
                  | Fly rF++ rN+}
 92823 | Orc:1    | Killed McSplat's ghost
 92824 | Orc:1    | Reached skill level 17 in Fighting
 93225 | Depths:1 | Entered Level 1 of the Depths
 93226 | Depths:1 | Noticed the Enchantress
 93228 | Depths:1 | Noticed a dread lich
 93489 | D:15     | Killed a dread lich
 93532 | D:15     | Reached skill level 15 in Spellcasting
 93810 | D:15     | Received a gift from Sif Muna
 93829 | D:15     | Killed the Enchantress
 95215 | D:15     | Reached XP level 24. HP: 177/193 MP: 37/42
 95523 | Depths:1 | Identified the Guide on Evil
 95866 | Depths:1 | Found a gateway to Hell.
 96988 | Depths:2 | Found a one-way gate to the infinite horrors of the Abyss.
 97015 | Depths:2 | Received a gift from Sif Muna
 99064 | Depths:2 | Reached skill level 10 in Stealth
 99387 | Depths:2 | Reached skill level 18 in Fighting
 99488 | Depths:2 | Identified Dispater's Almanac of Supportive Attacks (Sif
                  | Muna gifted it to you on level 2 of the Depths)
 99488 | Depths:2 | Received a gift from Sif Muna
 99574 | Depths:3 | Identified the +3 short sword of Trauma {holy, Fly rF++
                  | Will+ Int-4}
 99780 | Depths:3 | Paralysed by a floating eye for 3 turns
100683 | Depths:3 | Reached skill level 15 in Armour
100778 | Depths:3 | Reached XP level 25. HP: 204/204 MP: 38/42
100947 | Depths:3 | Found Rotad's Magic Scroll Shop.
100950 | Depths:3 | Found a one-way gate leading to the halls of Pandemonium.
100951 | Depths:3 | Bought 2 scrolls of acquirement for 1976 gold pieces
100951 | Depths:3 | Acquired a manual of Shields
100952 | Depths:3 | Acquired 613 gold pieces
100956 | Depths:3 | Bought a scroll of blinking for 142 gold pieces
100956 | Depths:3 | Bought a scroll of blinking for 142 gold pieces
100956 | Depths:3 | Bought a scroll of blinking for 142 gold pieces
100956 | Depths:3 | Bought a scroll of enchant armour for 142 gold pieces
101519 | Depths:3 | Identified the +2 ring mail "Esaax" {rC+ rN+ rCorr}
101521 | Depths:3 | Identified the Catalogue of Excruciating Transmigration
101526 | Depths:3 | Identified the Volume of Displacement
101748 | Depths:4 | Noticed a juggernaut
101762 | Depths:4 | Killed a juggernaut
102154 | Depths:4 | Found the +9 scales of the Dragon King {rPois rF+ rC+
                  | Will+}
102449 | Depths:4 | Found a gateway to a ziggurat.
102877 | Depths:5 | Entered Level 5 of the Depths
103073 | Depths:5 | Learned a level 2 spell: Passwall
103092 | Depths:5 | Found a blossoming altar of Fedhas.
103387 | Depths:5 | Reached skill level 1 in Transmutations
103387 | Depths:5 | Reached skill level 1 in Earth Magic
103828 | Depths:5 | Found Yhoh's Antique Weapon Shop.
103828 | Depths:5 | Found Qucirr's Armour Boutique.
103831 | Depths:5 | Found Dufuar's Assorted Antiques.
103832 | Depths:5 | Found Yroile's Book Shop.
103857 | Depths:5 | Bought an ancient long sword for 365 gold pieces
103857 | Depths:5 | Identified the +3 long sword of Kalif {freeze, Str+5 Dex+4}
                  | (You bought it in a shop on level 5 of the Depths)
103872 | Depths:5 | Bought a potion of heal wounds for 160 gold pieces
103926 | Depths:5 | Identified Sif Muna's Almanac of Spatial Companions (Sif
                  | Muna gifted it to you on level 5 of the Depths)
103926 | Depths:5 | Received a gift from Sif Muna
105144 | Depths:5 | Found a gate to the Realm of Zot.
105556 | Crypt:1  | Entered Level 1 of the Crypt
107017 | Crypt:1  | Found a runed translucent gate.
107018 | Crypt:1  | Found a runed translucent gate.
107201 | Crypt:1  | Found a runed translucent gate.
107574 | Crypt:2  | Identified Elewasm's Grimoire of Sulphur (Sif Muna gifted
                  | it to you on level 2 of the Crypt)
107574 | Crypt:2  | Received a gift from Sif Muna
107731 | Crypt:2  | Reached XP level 26. HP: 213/213 MP: 36/43
108142 | Crypt:2  | Found a basalt altar of Yredelemnul.
108251 | Crypt:2  | Identified the ring of Joy {rElec rF++ Str+6 Dex+4 Stlth+}
108410 | Crypt:3  | Entered Level 3 of the Crypt
108433 | Crypt:3  | Reached skill level 10 in Invocations
109144 | Crypt:3  | Identified the +7 long sword "Ediuxis" {speed, rC- rCorr
                  | Dex+5}
109606 | Crypt:3  | Identified Sif Muna's Handbook of Destructive Execration
                  | (Sif Muna gifted it to you on level 3 of the Crypt)
109606 | Crypt:3  | Received a gift from Sif Muna
109837 | Crypt:3  | Identified the Guide on Evil
110391 | Crypt:3  | Found a staircase to the Tomb.
110590 | Crypt:3  | Reached skill level 5 in Transmutations
110815 | Crypt:3  | Reached skill level 19 in Fighting
110936 | Crypt:3  | Identified the +1 ring mail "Ujyu" {rF+ Int+4 Dex-2}
111052 | Crypt:3  | Noticed a dread lich
111228 | Crypt:3  | Killed a dread lich
111229 | Crypt:3  | Reached skill level 15 in Conjurations
111338 | Crypt:3  | Reached skill level 5 in Earth Magic
111398 | Crypt:3  | Found the +8 Wrath of Trog {antimagic, *Rage}
111399 | Crypt:3  | Found the +27 Lear's hauberk
111429 | Crypt:3  | Identified the ring "Famitufi" {rElec rF+ rN+}
111429 | Crypt:3  | Identified the ring of Anargham {rPois rN+ Int+6}
112470 | Slime:1  | Entered Level 1 of the Pits of Slime
112632 | Slime:1  | Gained mutation: You occasionally shout uncontrollably at
                  | your foes. [a shining eye]
113130 | Slime:1  | Identified Sif Muna's Handbook of Fetching Air (Sif Muna
                  | gifted it to you on level 1 of the Pits of Slime)
113130 | Slime:1  | Received a gift from Sif Muna
114070 | Lair:6   | Lost mutation: You occasionally shout uncontrollably at
                  | your foes. [potion of mutation]
114070 | Lair:6   | Gained mutation: You are covered in fur. (AC +1) [potion of
                  | mutation]
114070 | Lair:6   | Gained mutation: You are somewhat resistant to further
                  | mutation. [potion of mutation]
114070 | Lair:6   | Gained mutation: You have a pair of small antennae on your
                  | head. [potion of mutation]
114586 | Vaults:4 | Upgraded the game from 0.27-a0-1158-gaa87e14f67 to
                  | 0.27-a0-1177-g245c70e1c0
114815 | D:15     | Bought a scroll of immolation for 52 gold pieces
114815 | D:15     | Bought a scroll of torment for 112 gold pieces
116612 | Slime:3  | Reached XP level 27. HP: 209/222 MP: 44/44
118047 | Slime:3  | Gained mutation: Armour fits poorly on your strangely
                  | shaped body. [a shining eye]
118267 | Slime:5  | Entered Level 5 of the Pits of Slime
118485 | Slime:5  | Noticed the Royal Jelly
118824 | Slime:5  | Identified Sif Muna's Collected Works on Arcane Weapons and
                  | Dark Rites (Sif Muna gifted it to you on level 5 of the
                  | Pits of Slime)
118824 | Slime:5  | Received a gift from Sif Muna
118833 | Slime:5  | Reached skill level 20 in Fighting
119813 | Slime:5  | Found a viscous altar of Jiyva.
120450 | Slime:4  | Lost mutation: Armour fits poorly on your strangely shaped
                  | body. [potion of mutation]
120450 | Slime:4  | Lost mutation: You have a pair of small antennae on your
                  | head. [potion of mutation]
121098 | Vaults:5 | Entered Level 5 of the Vaults
121244 | Vaults:5 | Noticed an ancient lich
121349 | Vaults:5 | Identified the +5 trident of Evil {protect, rElec}
121374 | Vaults:5 | Killed an ancient lich
121532 | Vaults:5 | Noticed an ancient lich
121578 | Vaults:5 | Identified the +1 leather armour of Jytiehe {Harm rC+
                  | Regen+ Int-3}
121653 | Vaults:5 | Killed an ancient lich
122228 | Vaults:5 | Reached skill level 21 in Fighting
122415 | Vaults:5 | Identified the +8 falchion of the Middle {freeze, rN+ rCorr
                  | Int-2 Stlth+}
123401 | Vaults:5 | Got a silver rune of Zot
123657 | Vaults:5 | Identified the +4 pair of boots of Vuakun {Dex+6}
125346 | Zot:1    | Entered Level 1 of the Realm of Zot
125596 | Depths:5 | Reached skill level 22 in Fighting
127075 | Zot:1    | Reached skill level 23 in Fighting
129104 | Zot:2    | Reached skill level 15 in Dodging
129622 | Zot:2    | Reached skill level 24 in Fighting
129857 | Zot:2    | Noticed an orb of fire
129863 | Zot:2    | Killed an orb of fire
130033 | Zot:2    | Identified an amulet of Kiajoe {Reflect Int+5 SH+5}
130064 | Zot:2    | Found the +8 orange crystal plate armour {Archmagi, Int+3
                  | Clar}
132199 | Zot:3    | Identified the +1 great sword "Xoyssoicw" {spect, Contam
                  | rElec rN++ Dex+4}
135871 | Zot:5    | Entered Level 5 of the Realm of Zot
136487 | Zot:5    | Acquired an amulet of magic regeneration
136555 | Zot:5    | Noticed an ancient lich
136577 | Zot:5    | Killed an ancient lich
136727 | Zot:4    | Reached skill level 25 in Fighting
137239 | Zot:5    | Noticed an orb of fire
137253 | Zot:5    | Killed an orb of fire
137959 | Zot:5    | Noticed an ancient lich
138013 | Zot:5    | Killed an ancient lich
138016 | Zot:5    | Noticed a dread lich
138016 | Zot:5    | Noticed a dread lich
138126 | Zot:5    | Killed a dread lich
138287 | Zot:5    | Noticed an orb of fire
138291 | Zot:5    | Noticed an ancient lich
138303 | Zot:5    | Killed an orb of fire
138311 | Zot:5    | Killed an ancient lich
138402 | Zot:5    | Noticed a dread lich
138607 | Zot:5    | Killed a dread lich
138877 | Zot:5    | Noticed an orb of fire
138890 | Zot:5    | Killed an orb of fire
139095 | Zot:5    | Noticed an ancient lich
139118 | Zot:5    | Killed an ancient lich
139138 | Zot:5    | Killed a dread lich
139473 | Zot:5    | Noticed a dread lich
139481 | Zot:5    | Killed a dread lich
139794 | Zot:5    | Got the Orb of Zot
140392 | D:$      | Escaped with the Orb!

Illustrated notes

Levels and vault maps discovered:
D:1:      lightli_arrival_boilingwater, layout_basic,
          ebering_ecumenical_altar_box
D:2:      minmay_recursive_quarters, layout_basic, basic_altar
D:3:      layout_loops_ring, kennysheep_flooded_box, skrybe_limestone_x,
          minmay_misc_feat_enclosed
D:4:      layout_loops_corners, uniq_blork_the_orc
D:5:      layout_basic, nicolae_overflow_crystal_walls, dk_yredelemnul_ordeal,
          serial_shops, shop, feat_on_display, uniq_duvessa, uniq_pikel,
          uniq_menkaure, uniq_grinder
D:6:      layout_basic, lemuel_tele_altar
D:7:      layout_cave_pods, cheibrodos_worm_habitat, temple_green,
          chequers_serial_rivers_micro_c
D:8:      cheibrodos_helix_gallery, layout_cave_pools, serial_gnoll_camp,
          gnoll_camp_mini_basic, gnoll_camp_mini_basic,
          gnoll_camp_mini_doghouse, grums_kennel
D:9:      layout_roguey [special_room_kobold], erik_lair_orcish_takeover
D:10:     minmay_bubble_buster, layout_cave_pods, old_standard_altar,
          nicolae_uskayaw_en_pointe, gammafunk_ghost_grave
D:11:     layout_basic, portal_ice_cave_rime, uniq_urug
D:12:     layout_loops_ring, gammafunk_ghost_spectres,
          hangedman_abyss_or_decor_stabs, uniq_maurice
D:13:     layout_roguey, bloody_makhleb, uniq_frances
D:14:     layout_roguey, lightli_vaults_fourway_checkpoint,
          minmay_misc_feat_plants
D:15:     grunt_enter_depths_magical_seal, layout_small_grid,
          grunt_dithmenos_shadows, serial_shops, shop, serial_park_tiny_2
Lair:1:   layout_loops_ring, grunt_megastairs_2
Lair:2:   beast_lair_carwin_large_3, layout_cave_shapes,
          nicolae_spider_entry_tight_spaces, enter_volcano_1, forest_entry_grove
Lair:3:   layout_roguey, minmay_holes
Lair:4:   layout_small_grid, minmay_shoals_entry_centaurs,
          ebering_ghost_reflecting_pool, uniq_josephine
Lair:5:   layout_cave_pods, uniq_nessos
Lair:6:   wormcave, layout_cave_shapes, guppyfry_lair_end_dragon, slime_altar_2,
          gauntlet_entry_generic
Shoals:1: cheibrodos_shoals_gigantism, layout_shoals
Shoals:2: layout_shoals
Shoals:3: cheibrodos_shoals_oceanic_diplomacy, layout_shoals, uniq_donald
Shoals:4: shoals_end_simple, layout_shoals, lemuel_altar_in_water,
          dpeg_stationary_puzzle
Spider:1: layout_spider_delve, nicolae_spider_webbed_stairs
Spider:2: layout_spider_delve, nicolae_spider_webs_and_nodes, worms_lemuel
Spider:3: layout_spider_delve, uniq_bai_suzhen, uniq_arachne
Spider:4: grunt_spider_rune_island
Slime:1:  layout_caves, cheibrodos_slime_lost_civilization_7
Slime:2:  layout_caves
Slime:3:  layout_caves, nicolae_slime_round_cave
Slime:4:  layout_caves
Slime:5
Orc:1:    nicolae_orc_accident_3, layout_caves, special_room [special_room_orc],
          ebering_ghost_inner_flame, elf_legates
Orc:2:    grunt_orc_tribal_feast, layout_diamond_mine, serial_shops,
          nicolae_shop_waterfront, uniq_azrael
Elf:1:    eino_elf_arrival_the_gate, layout_rooms, serial_shops, shop,
          minmay_elf_annihilation
Elf:2:    layout_rooms
Elf:3:    elf_hall_gauntlet_wide, layout_geoelf_castle, serial_shops,
          nicolae_shop_statue_plus, amcnicky_mini_pool_small
Vaults:1: vaults_room_pool, v_pattern_2, nicolae_vaults_ninety_degrees,
          hangedman_vaults_locks, grunt_vaults_diagonal,
          vaults_room_grunt_arrival_ludios, nicolae_vaults_border_crossing,
          layout_vaults_chaotic_city, mu_enter_wizlab_6
Vaults:2: ontoclasm_vaults_shuriken, ontoclasm_vaults_ligature,
          ontoclasm_vaults_gateway, nicolae_vaults_circle_grid_b,
          grunt_vaults_trifunnel, nicolae_vaults_statue_guard,
          nicolae_vaults_back_hallway, v_misc_19, vaults_dpeg_cross,
          vaults_standard_mumra_x, vaults_dpeg_diagonal,
          nicolae_vaults_shelves_hall, v_misc_12, hangedman_vaults_impose,
          vaults_mumra_chevron_long, v_alt_pattern_2, layout_vaults_omnibox,
          serial_shops, shop, uniq_margery, uniq_saint_roka
Vaults:3: ontoclasm_vaults_decontamination, nicolae_vaults_little_squares_1,
          v_pattern_1, v_alt_pattern_3, nicolae_vaults_specimen_jars,
          nicolae_vaults_alarming, v_misc_4, nicolae_vaults_mini_display_case,
          nicolae_vaults_meeting, dpeg_vaults_monster_box,
          minmay_crypt_entry_simple_plaza, nicolae_vaults_diagonal_hallway_8,
          grunt_vaults_funnel, nicolae_vaults_little_squares_5,
          nicolae_vaults_little_squares_3, vaults_mumra_chevron,
          layout_vaults_maze_snakey, serial_shops, shop, uniq_nikola
Vaults:4: nicolae_vaults_little_squares_3, nicolae_vaults_what_the_h,
          nicolae_vaults_network_quincunx
          [nicolae_vaults_network_quincunx_subvault,
          nicolae_vaults_network_quincunx_subvault,
          nicolae_vaults_network_quincunx_subvault,
          nicolae_vaults_network_quincunx_subvault,
          nicolae_vaults_network_quincunx_subvault], vaults_room_fancy_cross,
          vaults_room_door_ring, hangedman_vaults_maws, vaults_room_hallway,
          v_rooms_3, hangedman_vaults_stitches, nicolae_vaults_minivaults,
          v_misc_3, nicolae_vaults_ring_of_whatevers,
          nicolae_vaults_little_squares_1, layout_vaults_omnicross
Vaults:5: serial_shops
Crypt:1:  layout_gridlike, pandoras_box_mu, roderic_lattice_octagonal_star
Crypt:2:  layout_rooms, basic_altar
Crypt:3:  due_elkab, layout_chaotic_city
Depths:1: layout_cave_pools, lightli_too_deep, special_room
          [special_room_morgue], kennysheep_generic_room_5, uniq_enchantress
Depths:2: minmay_octagon_keep, layout_honeycomb, hell_entry,
          kennysheep_minor_cross, abyss_entry_glasseish
Depths:3: grunt_x_marks_the_spot, layout_cave_pools, grunt_hell_entry_dis_mu,
          pan_entry, serial_bayou_ford_a, serial_shops, shop, drop_trap
Depths:4: kennysheep_funnel, layout_cave_pools, enter_ziggurat_d,
          pf_coc_iceberg, abyss_entry
Depths:5: grunt_zot_entry_alcove, layout_basic, abyss_entry, hell_entry,
          chequers_serial_rivers_micro_e, grunt_decor_mini_mirrors,
          fedhas_altar_2, minmay_shoptagon
Zot:1:    layout_basic
Zot:2:    kennysheep_oblong_rooms, layout_basic, st_small_dragon_hoard_4
Zot:3:    layout_gridville, grunt_ministairs_15
Zot:4:    layout_misc_corridors, grunt_megastairs_3
Zot:5:    layout_concentric_octagons

Skill      XL: |  1  2  3  4  5  6  7  8  9 10 11 12 13 14 15 16 17 18 19 20 21 22 23 24 25 26 27 |
---------------+----------------------------------------------------------------------------------+-----
Stealth        | 2 3 4 5 6 7 9 10 | 10.0
Ice Magic      | 5 6 7 8 9 10 11 12 13 14 15 | 15.0
Dodging        | 3 4 5 6 7 8 10 11 12 13 14 19 | 19.3
Spellcasting   | 3 4 5 6 7 8 9 10 11 12 13 14 15 16 17 20 | 20.7
Conjurations   | 1 2 4 6 7 8 9 10 11 12 14 15 20 | 20.3
Translocations | 1 2 5 6 7 8 9 10 | 10.0
Shields        | 2 8 9 10 11 12 13 14 15 16 17 18 19 20 23 | 23.6
Fighting       | 5 8 9 10 11 12 13 14 15 16 17 18 19 25 | 25.6
Armour         | 4 7 9 10 11 12 14 15 16 | 16.2
Short Blades   | 2 9 10 | 10.0
Invocations    | 3 4 6 7 8 9 10 | 10.0
Summonings     | 3 5 8 9 10 | 10.0
Long Blades    | 2 5 9 11 12 13 14 | 14.8
Evocations     | 1 5 8 9 10 | 10.0
Transmutations | 3 5 |  5.0
Earth Magic    | 3 5 |  5.0

Action                   |  1- 3 |  4- 6 |  7- 9 | 10-12 | 13-15 | 16-18 | 19-21 | 22-24 | 25-27 || total
-------------------------+-------+-------+-------+-------+-------+-------+-------+-------+-------++-------
Melee: Dagger            |     9 |    54 |   201 |   550 |  1063 |    40 |       |       |       ||  1917
       Whip              |     1 |       |       |       |       |       |       |       |       ||     1
       Double sword      |       |       |       |       |   146 |   632 |       |       |       ||   778
       Scimitar          |       |       |       |       |    28 |       |       |       |       ||    28
       Staff             |       |       |       |       |       |    51 |   231 |     3 |   406 ||   691
       Rapier            |       |       |       |       |       |       |  1064 |   834 |    20 ||  1918
       Demon blade       |       |       |       |       |       |       |       |   832 |  1700 ||  2532
Throw: Dart              |     4 |     1 |    26 |   108 |   164 |   347 |    95 |    16 |     1 ||   762
 Cast: Freeze            |    61 |    13 |     3 |     7 |       |       |     7 |       |       ||    91
       Frozen Ramparts   |       |    21 |    60 |   120 |   179 |   141 |   171 |   155 |   138 ||   985
       Ozocubu's Armour  |       |    19 |    45 |    83 |   131 |   134 |   146 |   156 |   152 ||   866
       Blink             |       |       |     1 |       |       |     1 |       |       |       ||     2
       Iskenderun's Myst |       |       |       |     2 |     6 |   245 |   182 |    99 |   237 ||   771
       Hailstorm         |       |       |       |     1 |     5 |   184 |   114 |    86 |    83 ||   473
       Summon Ice Beast  |       |       |       |       |    27 |    41 |    11 |       |       ||    79
       Orb of Destructio |       |       |       |       |       |       |       |    11 |   595 ||   606
       Passwall          |       |       |       |       |       |       |       |       |    16 ||    16
Invok: Channel Magic     |       |       |       |       |       |    14 |    19 |     4 |    42 ||    79
 Abil: Hop               |       |       |     1 |     1 |     1 |     2 |     3 |    15 |    15 ||    38
Evoke: Wand              |       |       |       |       |       |       |   112 |    89 |       ||   201
  Use: Scroll            |       |    13 |     2 |     8 |     6 |    12 |     1 |    14 |    22 ||    78
       Potion            |       |       |     6 |     6 |     4 |    10 |     2 |     2 |    18 ||    48
 Stab: Sleeping          |       |     2 |     1 |     1 |     3 |       |     3 |       |    22 ||    32
       Distracted        |       |       |       |       |       |     3 |       |     1 |     1 ||     5
       Held in net/web   |       |       |       |       |       |     1 |       |       |       ||     1
Armor: Robe              |    16 |    29 |    78 |    97 |     1 |     8 |       |       |       ||   229
       Ring mail         |       |       |       |   210 |   386 |   351 |       |       |       ||   947
       Skin              |       |       |       |    13 |    27 |       |       |       |       ||    40
       Chain mail        |       |       |       |       |       |    39 |       |       |       ||    39
       Swamp dragon scal |       |       |       |       |       |    31 |       |       |       ||    31
       Leather armour    |       |       |       |       |       |   287 |       |       |       ||   287
       Quicksilver drago |       |       |       |       |       |    61 |   715 |   384 |       ||  1160
       Acid dragon scale |       |       |       |       |       |       |       |   336 |  1006 ||  1342
Dodge: Dodged            |    49 |    58 |   105 |   342 |   348 |   765 |   723 |   689 |  1166 ||  4245
Block: Kite shield       |       |       |       |   455 |   898 |  1493 |  1019 |   938 |  1595 ||  6398
       Reflection        |       |       |       |     7 |    42 |    59 |   113 |    60 |    58 ||   339
       Tower shield      |       |       |       |       |       |       |       |       |   643 ||   643
       Rpst.: Double sword |       |       |       |       |    14 |   117 |       |       |       ||   131
       Scimitar          |       |       |       |       |     3 |       |       |       |       ||     3
       Demon blade       |       |       |       |       |       |       |       |    82 |   121 ||   203

Table legend: (Time is in decaauts)
 A = Elapsed time spent in this place.
 B = Non-inter-level travel time spent in this place.
 C = Inter-level travel time spent in this place.
 D = Time resting spent in this place.
 E = Time spent auto-exploring this place.
 F = Levels seen in this place.
 G = Mean time per level.
                   A        B        C        D        E       F      G
               +--------+--------+--------+--------+--------+-----+--------+
         Total | 152945 | 135180 |  17765 |  48258 |   9928 |  57 | 2683.2 |
       Dungeon |  35973 |  29883 |   6090 |  10033 |   3190 |  15 | 2398.2 |
          Lair |  15451 |  12953 |   2498 |   4410 |   1412 |   6 | 2575.2 |
        Shoals |  14387 |  13308 |   1079 |   5162 |   1807 |   4 | 3596.8 |
   Spider Nest |  12331 |  11700 |    631 |   6833 |    418 |   4 | 3082.8 |
    Slime Pits |   7355 |   6747 |    608 |   3163 |    553 |   5 | 1471.0 |
  Orcish Mines |   6797 |   6245 |    552 |   2300 |    523 |   2 | 3398.5 |
   Elven Halls |   8397 |   7586 |    811 |   1884 |    465 |   3 | 2799.0 |
        Vaults |  18213 |  14974 |   3239 |   3824 |    585 |   5 | 3642.6 |
         Crypt |   7118 |   6268 |    850 |   1334 |    213 |   3 | 2372.7 |
        Depths |  11865 |  11282 |    583 |   2912 |    685 |   5 | 2373.0 |
           Zot |  15053 |  14233 |    820 |   6398 |     71 |   5 | 3010.6 |
               +--------+--------+--------+--------+--------+-----+--------+

Top non-repeatable levels by time:
Vaults:4: 4496 daAuts
    D:10: 4466 daAuts
Shoals:1: 4413 daAuts
   Elf:3: 4071 daAuts
Vaults:1: 4055 daAuts
Spider:3: 3943 daAuts
 Crypt:3: 3939 daAuts
  Lair:6: 3899 daAuts
Spider:2: 3839 daAuts
    D:15: 3834 daAuts
Shoals:3: 3691 daAuts
   Zot:5: 3690 daAuts
Depths:5: 3600 daAuts
   Orc:1: 3544 daAuts
Spider:1: 3498 daAuts
